 Dungeon Crawl Stone Soup version 0.30-a0-1066-g63dfefce0d (webtiles) character file.

Game seed: 9653733541117991329

41617 quinnr the Fighter (level 13, -1/119 HPs)
             Began as a Purple Draconian Air Elementalist on Apr 12, 2023.
             Was a High Priest of Sif Muna.
             Slain by a skyshark (9 damage)
             ... on level 5 of the Lair of Beasts on Apr 13, 2023.
             The game lasted 01:07:00 (20663 turns).

quinnr the Fighter (DrAE)                          Turns: 20663, Time: 01:07:00

Health: -1/119     AC: 16    Str: 10    XL:     13   Next: 81%
Magic:  15/20      EV: 21    Int: 22    God:    Sif Muna [*****.]
Gold:   743        SH:  0    Dex: 17    Spells: 3/22 levels left

rFire   . . .      SeeInvis .    b - +7 dagger (drain)
rCold   . . .      Faith    .    (no shield)
rNeg    . . .      Spirit   .    (body armour unavailable)
rPois   .          Reflect  .    (helmet restricted)
rElec   .          Rampage  .    F - +2 cloak
rCorr   .                        L - +1 Delatra's gloves {ID++}
Will    +....                    K - +2 pair of boots
Stlth   ++++                     h - amulet of magic regeneration
HPRegen 0.39/turn                E - +5 ring of evasion
MPRegen 0.57/turn                D - +6 ring of dexterity

@: slowed, very slow
A: breathe power, AC +8, unfitting armour, cold-blooded
a: Breathe Dispelling Energy, Renounce Religion, Channel Magic, Forget Spell,
Divine Exegesis


You were on level 5 of the Lair of Beasts.
You worshipped Sif Muna.
Sif Muna was extremely pleased with you.
You visited 3 branches of the dungeon, and saw 14 of its levels.
You also visited: Bailey.

You collected 743 gold pieces.


Innate Abilities, Weirdness & Mutations

You can breathe bolts of dispelling energy.
Your rich purple scales are hard. (AC +8)
You cannot fit into any form of body armour.
You are cold-blooded and may be slowed by cold attacks.


   Skills:
 + Level 12.4 Fighting
 + Level 7.4 Short Blades
 - Level 7.0 Dodging
 + Level 7.8 Stealth
 - Level 5.0 Spellcasting
 - Level 10.0 Conjurations
 + Level 7.0 Hexes
 - Level 8.0 Summonings
 - Level 3.0 Air Magic
 - Level 3.0 Poison Magic
 - Level 8.0 Invocations
 - Level 5.0 Evocations


You had 3 spell levels left.
You knew the following spells:

 Your Spells              Type           Power      Damage    Failure   Level
c - Call Canine Familiar  Summ           40%        N/A       1%          3
d - Dazzling Flash        Conj/Hex       84%        N/A       1%          3
f - Fulminant Prism       Conj/Hex       21%        3d12      3%          4
g - Summon Guardian Gole  Hex/Summ       38%        N/A       1%          3
k - Tukima's Dance        Hex            36%        N/A       1%          3
t - Static Discharge      Conj/Air       68%        2-5/arc   1%          2
z - Shock                 Conj/Air       100%       1d9       1%          1

Your spell library contained the following spells:

 Spells                   Type           Power      Damage    Failure   Level
 Summon Small Mammal      Summ           100%       N/A       1%          1
 Momentum Strike          Conj/Tloc      54%        3d9       1%          2
 Confusing Touch          Hex            36%        N/A       1%          3
 Swiftness                Air            18%        N/A       9%          3
 Apportation              Tloc           10%        N/A       10%         1
 Necrotise                Necr           20%        1d5       10%         1
 Blink                    Tloc           10%        N/A       16%         2
 Lesser Beckoning         Tloc           10%        N/A       16%         2
 Ozocubu's Armour         Ice            5%         N/A       30%         3
 Volatile Blastmotes      Fire/Tloc      10%        2d10      30%         3
 Iskenderun's Mystic Bla  Conj/Tloc      27%        2d7       13%         4
 Airstrike                Air            9%         2d(2-18)  28%         4
 Manifold Assault         Tloc           5%         N/A       69%         4
 Starburst                Conj/Fire      13%        6d6       89%         6
 Dispersal                Tloc           2%         N/A       100%        6
 Simulacrum               Ice/Necr       2%         N/A       100%        6
 Malign Gateway           Summ/Tloc      11%        N/A       100%        7
 Ozocubu's Refrigeration  Ice            2%         4d8       100%        7
 Storm Form               Tmut/Air       6%         N/A       100%        7
 Disjunction              Tloc           2%         N/A       100%        8
 Polar Vortex             Ice            2%         N/A       100%        9

Inventory:

Hand Weapons
 b - a +7 dagger of draining (weapon)
 j - a +1 dagger of electrocution
Missiles
 c - 30 poisoned darts
 J - a throwing net {=f}
Armour
 F - a +2 cloak (worn)
 K - a +2 pair of boots (worn)
 L - the +1 Delatra's gloves (worn) {ID++}
   (You found it in a bailey)

   ID++:      It heals its wearer when they drink unknown potions, and restores
   their MP when they read unknown scrolls.
Magical Staves
 a - a staff of conjuration {!a}
 A - a staff of poison {!a}
 O - a staff of cold {!a}
Jewellery
 h - an amulet of magic regeneration (around neck)
 m - an amulet of the acrobat
 w - an amulet of regeneration
 C - a ring of ice
 D - a +6 ring of dexterity (right hand)
 E - a +5 ring of evasion (left hand)
 N - a ring of positive energy
 Q - an amulet of reflection
Wands
 G - a wand of iceblast (6)
 S - a wand of light (4)
Scrolls
 f - a scroll of fear
 i - 5 scrolls of enchant armour
 l - 4 scrolls of poison
 n - 2 scrolls of magic mapping
 o - a scroll of silence {unknown}
 r - 4 scrolls of teleportation {@r2}
 x - 2 scrolls of noise {unknown}
 y - a scroll of blinking {unknown}
 B - 2 scrolls of fog
 H - 3 scrolls of amnesia
Potions
 d - 6 potions of flight {unknown}
 e - 2 potions of cancellation
 g - 4 potions of might
 k - 3 potions of curing {@q1}
 p - a potion of resistance
 q - 4 potions of brilliance
 s - 2 potions of haste {@q3}
 u - 5 potions of heal wounds {@q2}
 v - 2 potions of ambrosia
 z - 3 potions of berserk rage {unknown}
 I - 2 potions of mutation
 M - a potion of magic
 P - 3 potions of attraction
 T - a potion of degeneration
Miscellaneous
 R - a tin of tremorstones (2/2)

Dungeon Overview and Level Annotations

Branches:
Dungeon (8/15)             Temple (1/1) D:5            Lair (5/5) D:8
 Shoals (0/4) Lair:2       Spider (0/4) Lair:2        Slime (0/5) Lair:4
 Bailey (visited)

Altars:
Ashenzari
Cheibriados
Dithmenos
Elyvilon
Fedhas
Hepliaklqana
Kikubaaqudgha
Makhleb
Nemelex Xobeh
Okawaru
Qazlal
Ru
Sif Muna
Trog
Uskayaw
Vehumet
Wu Jian
Xom
Yredelemnul
Zin
The Shining One
Jiyva

Shops:
D:2 *   D:5 *   D:6 (

Annotations:
D:5 2 transporters, benadryl's ghost, novice TrMo
D:6 3 runed translucent doors, mandoloar's ghost, novice OpTm
Lair:1 3 runed translucent doors, BubbleThief's ghost, journeyman NaCA
Lair:4 1 runed translucent door

........PP.....
.........#.P....
..P.............
!..............#
#............P.#
#^............^.
.............#
......†@.....#
......†lY...##
.......w....#
........Y...#
.P....Y§....#
.....P.Y....#
....#.......#
............#
#......P....#


You could see a skyshark (berserk, drained), a torpor snail (fleeing) and 4
dream sheep.


Message History

* * * LOW HITPOINT WARNING * * *
The skyshark barely misses you.
The skyshark tail-slaps you but does no damage.
Your hound barely misses the dream sheep.
Unknown command.
Unknown command.
Unknown command.
The skyshark attacks as you move away! The skyshark barely misses you.
The skyshark closely misses you. The skyshark tail-slaps you!
* * * LOW HITPOINT WARNING * * *
The dream sheep attacks as you move away!
The dream sheep barely misses you. The skyshark completely misses you.
The skyshark tail-slaps you.
* * * LOW HITPOINT WARNING * * *
The skyshark barely misses you.
There is a stone staircase leading up, spattered with blood here.
Unknown command.
Unknown command.
As you read the scroll of fear, it crumbles to dust.
You assume a fearsome visage.
The skyshark is unaffected.
The torpor snail looks frightened!
The dream sheep easily resists.
The dream sheep looks frightened!
The dream sheep is struck with panic!
The dream sheep looks frightened!
The dream sheep bleats in terror.
The dream sheep looks frightened!
The dream sheep panics and turns to flee.
Your hound disappears in a puff of smoke!
The skyshark bites you!
You die...

Skill      XL: |  1  2  3  4  5  6  7  8  9 10 11 12 13 |
---------------+----------------------------------------+-----
Stealth        | 2 3 5 7 |  7.8
Dodging        | 2 6 7 |  7.0
Conjurations   | 2 4 5 6 10 | 10.0
Summonings     | 1 2 4 5 8 |  8.0
Spellcasting   | 3 4 5 |  5.0
Fighting       | 2 3 5 10 12 | 12.4
Poison Magic   | 1 3 |  3.0
Evocations     | 1 2 3 5 |  5.0
Invocations    | 2 5 8 |  8.0
Hexes          | 2 5 6 7 |  7.0
Short Blades   | 4 7 |  7.4
Air Magic      | |  3.0

Action                     |  1- 3 |  4- 6 |  7- 9 | 10-12 | 13-15 || total
---------------------------+-------+-------+-------+-------+-------++-------
  Melee: Unarmed           |    14 |       |       |       |       ||    14
         Tailslap          |     4 |       |    11 |    58 |    50 ||   123
         Punch             |     1 |       |       |     5 |     5 ||    11
         Staff             |       |       |    53 |   108 |     9 ||   170
         Dagger            |       |       |     4 |   197 |   161 ||   362
   Cast: Shock             |    86 |   144 |   189 |   143 |    24 ||   586
         Summon Small Mamm |       |     4 |    17 |    16 |       ||    37
         Call Canine Famil |       |       |    32 |    71 |    27 ||   130
         Summon Guardian G |       |       |    16 |    76 |    27 ||   119
         Static Discharge  |       |       |       |    35 |    26 ||    61
         Dazzling Flash    |       |       |       |    76 |    74 ||   150
         Fulminant Prism   |       |       |       |       |     5 ||     5
 Invoke: Channel Magic     |       |       |       |       |     1 ||     1
Ability: Breathe Dispellin |       |       |       |     2 |     1 ||     3
  Evoke: Wand              |       |       |    10 |    11 |     7 ||    28
    Use: Scroll            |     2 |       |     6 |    17 |     1 ||    26
         Potion            |       |       |       |     3 |       ||     3
   Stab: Paralysed         |       |       |     9 |     5 |       ||    14
         Invisible         |       |       |       |    27 |    16 ||    43
         Distracted        |       |       |       |     5 |     1 ||     6
         Sleeping          |       |       |       |     1 |       ||     1
 Armour: Skin              |     4 |     9 |    38 |   100 |    80 ||   231
  Dodge: Dodged            |    24 |    36 |   113 |   529 |   421 ||  1123

Levels and vault maps discovered:
D:1:      lemuel_arrival_lava_pool, layout_basic,
          dreamdust_ecumenical_altar_grove, kennysheep_small_spiral,
          hangedman_decor_growths, serial_bayou_ford_a, minmay_misc_feat_square,
          chequers_serial_rivers_room_a, minmay_pentomino_v2
D:2:      layout_loops_ring, serial_shops, shop, minivault_4
D:3:      cheibrodos_fertilizer, layout_loops_corners
D:4:      layout_loops_corners, okawaru_altar_gauntlet_db, uniq_blork_the_orc
D:5:      layout_basic, nzn_wu_jian_council_hall,
          minmay_temple_entry_mini_moons, gammafunk_ghost_arena, serial_shops,
          nicolae_shop_window_shopping, hangedman_abyss_or_decor_stabs
D:6:      layout_loops_ring, tso_metal_star, ebering_ghost_rock_garden,
          nicolae_shop_firing_range
D:7:      layout_cave_pools, overflow_temple_1_default, enter_bailey_5,
          minmay_circle_x, uniq_prince_ribbit1
D:8:      cheibrodos_histonic, layout_basic
Temple:   minmay_crystal_spiral_temple
Lair:1:   beast_lair_carwin_large_3, layout_cave_pods, gammafunk_ghost_icy,
          minivault_27
Lair:2:   layout_cellular_growth, shoals_dummy_entry,
          nicolae_spider_entry_lesser_pyramids, serial_bayou_shore_b,
          grunt_megastairs_1
Lair:3:   layout_gridlike, nzn_masters_of_martial_movement, uniq_sonja,
          uniq_fannar
Lair:4:   layout_gridlike, slime_entry_2, beast_lair_carwin_6, uniq_nessos
Lair:5:   hellmonk_lair_end_abyssal_woods, layout_long_grid, serial_rivers,
          chequers_serial_rivers_room_b, chequers_serial_rivers_micro_c,
          chequers_serial_rivers_room_b, chequers_serial_rivers_large_b,
          chequers_serial_rivers_marsh, chequers_serial_rivers_small_3,
          minivault_25

Notes
Turn   | Place    | Note
-------+----------+-------------------------------------------
     0 | D:1      | quinnr the Draconian Air Elementalist began the quest for
                  | the Orb.
     0 | D:1      | Reached XP level 1. HP: 14/14 MP: 3/3
   194 | D:1      | Reached skill level 2 in Stealth
   194 | D:1      | Reached XP level 2. HP: 16/20 MP: 0/5
   262 | D:1      | Upgraded the game from 0.30-a0-1053-gbd8d5ba0ad to
                  | 0.30-a0-1066-g63dfefce0d
   316 | D:1      | You fall into a shaft and drop 1 floor!
   366 | D:2      | Reached skill level 2 in Dodging
   832 | D:1      | Found a faded altar of an unknown god.
  1125 | D:1      | Learned a level 1 spell: Summon Small Mammal
  1558 | D:2      | Reached XP level 3. HP: 26/26 MP: 3/6
  1661 | D:2      | Reached skill level 2 in Conjurations
  1873 | D:2      | Found Qyijuwk's General Store.
  2637 | D:3      | Reached XP level 4. HP: 33/33 MP: 5/7
  2639 | D:3      | Reached skill level 1 in Summonings
  2712 | D:3      | Reached XP level 5. HP: 38/38 MP: 5/9
  2725 | D:3      | Reached skill level 3 in Stealth
  2731 | D:3      | Reached skill level 3 in Spellcasting
  3269 | D:4      | Found an iron altar of Okawaru.
  3478 | D:4      | Reached skill level 2 in Summonings
  3503 | D:4      | Reached skill level 3 in Conjurations
  3532 | D:4      | Noticed Blork the orc
  3889 | D:4      | Killed Blork the orc
  3890 | D:4      | Reached skill level 4 in Conjurations
  3890 | D:4      | Reached XP level 6. HP: 45/45 MP: 5/10
  4108 | D:4      | Reached skill level 5 in Conjurations
  4129 | D:4      | Reached skill level 1 in Fighting
  4266 | D:4      | Reached skill level 2 in Fighting
  4417 | D:5      | Entered Level 5 of the Dungeon
  4520 | D:5      | Found a staircase to the Ecumenical Temple.
  4520 | D:5      | Noticed an ice beast
  4542 | D:5      | Killed an ice beast
  4542 | D:5      | Noticed benadryl's ghost (novice TrMo)
  4543 | D:5      | Reached skill level 1 in Poison Magic
  4543 | D:5      | Reached skill level 1 in Evocations
  4543 | D:5      | Your scales start taking on a rich purple colour.
  4543 | D:5      | Reached XP level 7. HP: 55/55 MP: 10/12
  4562 | D:5      | Found a transporter.
  4596 | D:5      | Reached skill level 2 in Evocations
  4618 | Temple   | Entered the Ecumenical Temple
  4748 | Temple   | Became a worshipper of Sif Muna the Loreminder
  4909 | D:5      | Reached skill level 2 in Poison Magic
  4981 | D:5      | Reached skill level 3 in Summonings
  4981 | D:5      | Reached skill level 1 in Invocations
  5033 | D:5      | Reached skill level 2 in Invocations
  5050 | D:5      | Found a transporter.
  5148 | D:5      | Found Ipuo's Assorted Antiques.
  5369 | D:5      | Identified the +0 robe of Emoolair {Contam rPois Int+3}
  5475 | D:5      | Found an ornate altar of the Wu Jian Council.
  5638 | D:6      | Reached skill level 3 in Poison Magic
  5642 | D:6      | Learned a level 3 spell: Call Canine Familiar
  5671 | D:6      | Found a runed translucent gate.
  5671 | D:6      | Noticed mandoloar's ghost (novice OpTm)
  5672 | D:6      | Found a runed translucent gate.
  5672 | D:6      | Found a runed translucent gate.
  5722 | D:6      | Reached skill level 4 in Summonings
  5729 | D:6      | Found Lapime's Firing Range.
  5743 | D:6      | Reached XP level 8. HP: 61/61 MP: 10/13
  5828 | D:6      | Reached skill level 3 in Invocations
  5902 | D:6      | Found a glowing golden altar of the Shining One.
  6096 | D:6      | Reached skill level 4 in Invocations
  6108 | D:6      | Reached skill level 5 in Summonings
  6214 | D:6      | Reached * piety under Sif Muna
  6215 | D:6      | Reached skill level 5 in Invocations
  6519 | D:7      | Reached skill level 4 in Spellcasting
  6542 | D:7      | Found a flagged portal.
  6556 | Bailey   | Entered a bailey
  6636 | Bailey   | Reached skill level 3 in Fighting
  6764 | Bailey   | Learned a level 3 spell: Summon Guardian Golem
  6852 | Bailey   | Reached skill level 1 in Hexes
  6990 | Bailey   | Noticed a kobold demonologist
  6992 | Bailey   | Noticed an orange demon
  7000 | Bailey   | Reached skill level 2 in Hexes
  7000 | Bailey   | Reached skill level 3 in Evocations
  7013 | Bailey   | Noticed a hellwing
  7014 | Bailey   | Noticed a smoke demon
  7020 | Bailey   | Killed a kobold demonologist
  7021 | Bailey   | Reached XP level 9. HP: 18/69 MP: 4/15
  7222 | Bailey   | Reached skill level 3 in Hexes
  7342 | Bailey   | Learned a level 3 spell: Dazzling Flash
  7354 | Bailey   | Reached skill level 4 in Evocations
  7355 | Bailey   | Reached skill level 6 in Summonings
  7443 | Bailey   | Found an iron altar of Okawaru.
  7445 | Bailey   | Noticed a kobold demonologist
  7469 | Bailey   | Killed a kobold demonologist
  7470 | Bailey   | Reached skill level 4 in Hexes
  7591 | Bailey   | Found the +1 Delatra's gloves {ID++}
  7633 | Bailey   | Reached skill level 5 in Evocations
  7729 | Bailey   | Reached ** piety under Sif Muna
  7730 | Bailey   | Reached skill level 5 in Hexes
  7914 | Bailey   | Reached skill level 7 in Summonings
  7990 | Bailey   | Acquired a staff of conjuration
  8409 | D:7      | Noticed a skeletal warrior
  8446 | D:7      | Killed a skeletal warrior
  8447 | D:7      | Reached skill level 6 in Conjurations
  8447 | D:7      | Reached skill level 8 in Summonings
  8447 | D:7      | Reached XP level 10. HP: 77/77 MP: 14/16
  8474 | D:7      | Reached skill level 7 in Conjurations
  8556 | D:7      | Learned a level 2 spell: Static Discharge
  8596 | D:7      | Noticed Prince Ribbit
  8620 | D:7      | Killed Prince Ribbit
  8805 | D:7      | Found a snail-covered altar of Cheibriados.
  8940 | D:8      | Reached skill level 8 in Conjurations
  8957 | D:8      | Reached skill level 9 in Conjurations
  9122 | D:8      | Found a staircase to the Lair.
  9137 | Lair:1   | Entered Level 1 of the Lair of Beasts
  9137 | Lair:1   | Noticed a cane toad
  9149 | D:8      | Killed a cane toad
  9316 | D:8      | Reached skill level 10 in Conjurations
  9616 | D:8      | Reached *** piety under Sif Muna
  9753 | D:8      | Found a runed translucent door.
  9789 | Lair:1   | Reached skill level 5 in Spellcasting
  9904 | Lair:1   | Noticed a black mamba
  9924 | Lair:1   | Killed a black mamba
  9925 | Lair:1   | Reached skill level 6 in Hexes
 10045 | Lair:1   | Reached XP level 11. HP: 82/82 MP: 13/18
 10290 | Lair:1   | Reached skill level 4 in Fighting
 10290 | Lair:1   | Reached skill level 3 in Dodging
 10290 | Lair:1   | Reached skill level 4 in Stealth
 10423 | Lair:1   | Noticed BubbleThief's ghost (journeyman NaCA)
 10462 | Lair:1   | Found a runed translucent gate.
 10462 | Lair:1   | Found a runed translucent gate.
 10462 | Lair:1   | Found a runed translucent gate.
 10515 | Lair:1   | Reached skill level 6 in Invocations
 10952 | D:8      | Found a runed translucent door.
 11375 | D:8      | Noticed a deep elf pyromancer
 11385 | D:8      | Killed a deep elf pyromancer
 11410 | D:8      | Reached skill level 5 in Fighting
 11433 | D:8      | Reached skill level 4 in Dodging
 11433 | D:8      | Reached skill level 5 in Stealth
 11603 | D:8      | Reached **** piety under Sif Muna
 12025 | Lair:1   | Reached skill level 7 in Invocations
 12698 | Lair:2   | Reached skill level 5 in Dodging
 12803 | Lair:2   | Noticed a five-headed hydra
 12832 | Lair:2   | Killed a five-headed hydra
 12833 | Lair:2   | Reached skill level 8 in Invocations
 12920 | Lair:2   | Reached skill level 6 in Dodging
 13132 | Lair:2   | Identified the +1 quarterstaff "Karex" {venom, rPois}
 13191 | Lair:2   | Reached XP level 12. HP: 40/94 MP: 9/19
 13522 | Lair:2   | Found a staircase to the Shoals.
 13558 | Lair:2   | Noticed a death yak
 13784 | Lair:2   | Noticed a death yak
 13793 | Lair:2   | Noticed a death yak
 13806 | Lair:2   | Killed a death yak
 13807 | Lair:2   | Reached skill level 7 in Dodging
 14073 | Lair:2   | Reached skill level 6 in Fighting
 14089 | Lair:2   | Found a hole to the Spider Nest.
 14663 | Lair:3   | Found a hide-covered altar of Uskayaw.
 14663 | Lair:3   | Found an ornate altar of the Wu Jian Council.
 14663 | Lair:3   | Noticed a boulder beetle
 14846 | Lair:3   | Killed a boulder beetle
 14847 | Lair:3   | Reached skill level 7 in Fighting
 14977 | Lair:3   | Noticed Sonja
 14990 | Lair:3   | Killed Sonja
 15157 | Lair:3   | Reached skill level 8 in Fighting
 15362 | Lair:3   | Noticed a four-headed hydra
 15607 | Lair:3   | Reached skill level 9 in Fighting
 15643 | Lair:3   | Noticed Fannar
 15671 | Lair:3   | Killed Fannar
 15932 | Lair:3   | Reached skill level 1 in Short Blades
 16040 | Lair:3   | Reached skill level 2 in Short Blades
 16428 | Lair:2   | Found a hole to the Spider Nest.
 16722 | Lair:2   | Found a staircase to the Shoals.
 16733 | Lair:2   | Killed a death yak
 16745 | Lair:2   | Killed a death yak
 16746 | Lair:2   | Reached skill level 10 in Fighting
 16746 | Lair:2   | Reached skill level 3 in Short Blades
 17072 | Lair:2   | Reached skill level 4 in Short Blades
 17189 | Lair:3   | Identified a potion of resistance
 17291 | Lair:3   | Killed a four-headed hydra
 17750 | Lair:4   | Reached XP level 13. HP: 101/115 MP: 4/20
 17817 | Lair:4   | Reached skill level 11 in Fighting
 17817 | Lair:4   | Reached skill level 5 in Short Blades
 17918 | Lair:4   | Noticed Nessos
 17968 | Lair:4   | Killed Nessos
 17968 | Lair:4   | Reached ***** piety under Sif Muna
 17969 | Lair:4   | Reached skill level 6 in Stealth
 18482 | Lair:4   | Reached skill level 6 in Short Blades
 18660 | Lair:4   | Found a runed translucent door.
 18660 | Lair:4   | Found a viscous altar of Jiyva.
 18664 | Lair:4   | Found a staircase to the Slime Pits.
 18989 | Lair:4   | Reached skill level 7 in Stealth
 19070 | Lair:4   | Received a gift from Sif Muna
 19076 | Lair:4   | Got Sif Muna's Almanac of Warped Beguiling {god gift}
 19082 | Lair:4   | Learned a level 4 spell: Fulminant Prism
 19086 | Lair:4   | Learned a level 3 spell: Tukima's Dance
 19230 | Lair:4   | Reached skill level 12 in Fighting
 19695 | Lair:5   | Entered Level 5 of the Lair of Beasts
 19704 | Lair:4   | Reached skill level 7 in Short Blades
 20499 | Lair:5   | Reached skill level 7 in Hexes
 20662 | Lair:5   | HP: 8/119 [skyshark (10)]
 20663 | Lair:5   | Slain by a skyshark

Vanquished Creatures
  Nessos (Lair:4)
  A hydra (Lair:3)
  3 death yaks (Lair:2)
  A skyshark (Lair:3)
  A manticore (D:8)
  5 black mambas
  15 elephants
  3 cane toads
  6 rime drakes
  3 komodo dragons
  2 kobold demonologists (Bailey)
  Prince Ribbit (D:7)
  10 blink frogs
  A dream sheep (Lair:4)
  2 tarantellas (Lair:2)
  6 wyverns
  11 yaks
  2 steam dragons
  2 basilisks
  8 water moccasins
  6 orc warriors
  An ice beast (D:5)
  A sky beast (D:8)
  2 black bears (D:5)
  An ogre (D:5)
  A centaur (D:7)
  6 wolves
  Blork the orc (D:4)
  3 kobold brigands
  4 bullfrogs
  A scorpion (D:6)
  12 wights
  5 electric eels (Bailey)
  2 hounds
  2 orc priests
  3 jellies
  A gnoll bouda (D:6)
  4 iguanas
  2 sleepcaps
  5 orc wizards
  10 gnolls
  6 adders
  2 ufetubi
  A worm (D:4)
  2 dart slugs
  17 orcs
  6 ball pythons
  4 bats
  13 endoplasms
  5 giant cockroaches
  13 goblins
  10 hobgoblins
  28 kobolds
  2 quokkas
  3 training dummies (D:6)
  5 frilled lizards
  A rat (D:1)
275 creatures vanquished.

Vanquished Creatures (collateral kills)
  Fannar (Lair:3)
  2 boulder beetles
  A pharaoh ant (Lair:2)
  A deep elf pyromancer (D:8)
  5 elephants
  A black mamba (Lair:1)
  A torpor snail (Lair:4)
  3 cane toads
  4 komodo dragons
  3 blink frogs
  3 dream sheep (Lair:4)
  2 yaks (D:8)
  2 basilisks
  2 steam dragons
  3 water moccasins
  An orc warrior (Bailey)
  A black bear (Lair:1)
  A sky beast (D:8)
  3 wolves
  2 bullfrogs
  3 kobold brigands (D:8)
  A scorpion (D:7)
  3 wights
  3 hounds
  2 sleepcaps (D:8)
  An iguana (D:7)
  2 gnolls (Bailey)
  A white imp (D:8)
  3 orcs
  2 hobgoblins (Bailey)
  8 kobolds
  6 goblins
77 creatures vanquished.

Vanquished Creatures (others)
  A hydra (Lair:2)
  A death yak (Lair:4)
  Sonja (Lair:3)
  A skeletal warrior (D:7)
  An elephant (Lair:4)
  3 black mambas
  A cane toad (Lair:2)
  A komodo dragon (Lair:1)
  2 wyverns
  10 yaks
  2 water moccasins
  4 orc warriors (Bailey)
  2 centaurs (D:8)
  2 bullfrogs
  A wight (D:8)
  A howler monkey (D:8)
  A sleepcap (D:7)
  An orc wizard (D:7)
  2 orcs (D:7)
  A hobgoblin (Bailey)
  5 fulminant prisms
  26 fungi
  32 plants
  9 toadstools (D:3)
111 creatures vanquished.

Grand Total: 463 creatures vanquished

Table legend: (Time is in decaauts)
 A = Elapsed time spent in this place.
 B = Non-inter-level travel time spent in this place.
 C = Inter-level travel time spent in this place.
 D = Time resting spent in this place.
 E = Time spent auto-exploring this place.
 F = Levels seen in this place.
 G = Mean time per level.
                   A        B        C        D        E       F      G
               +--------+--------+--------+--------+--------+-----+--------+
         Total |  20683 |  19642 |   1041 |   3356 |  12068 |  15 | 1378.9 |
       Dungeon |   9292 |   8851 |    441 |    603 |   6414 |   8 | 1161.5 |
        Temple |    211 |    130 |     81 |      0 |    108 |   1 |  211.0 |
          Lair |   9613 |   9096 |    517 |   2219 |   4939 |   5 | 1922.6 |
        Bailey |   1565 |   1565 |      0 |    534 |    606 |   1 | 1565.0 |
               +--------+--------+--------+--------+--------+-----+--------+

Top non-repeatable levels by time:
  Lair:2: 2895 daAuts
  Lair:4: 2555 daAuts
  Lair:1: 2102 daAuts
  Lair:3: 1991 daAuts
     D:8: 1716 daAuts
  Bailey: 1565 daAuts
     D:1: 1325 daAuts
     D:4: 1307 daAuts
     D:7: 1307 daAuts
     D:3: 1104 daAuts
     D:6: 973 daAuts
     D:5: 878 daAuts
     D:2: 678 daAuts
  Temple: 211 daAuts
  Lair:5: 68 daAuts

Table legend:
 A = Non-vault XP
 B = Vault XP
 C = Vault XP percentage of total XP
 D = Non-vault monster count
 E = Vault monster count
 F = Vault count percentage of total count
                 A         B        C        D         E       F
            +---------+---------+-------+---------+---------+-------
      Total |   43677 |   15777 |  26.5 |     265 |     125 |  32.1
            +---------+---------+-------+---------+---------+-------
        D:1 |      30 |       4 |  11.8 |      18 |       2 |  10.0
        D:2 |      14 |       0 |   0.0 |       7 |       0 |   0.0
        D:3 |      48 |     114 |  70.4 |      15 |      19 |  55.9
        D:4 |     328 |     112 |  25.5 |      28 |       7 |  20.0
        D:5 |     626 |       0 |   0.0 |      10 |       0 |   0.0
        D:6 |     770 |       6 |   0.8 |      23 |       3 |  11.5
        D:7 |     830 |    1276 |  60.6 |      14 |       9 |  39.1
        D:8 |    3274 |    2675 |  45.0 |      36 |      21 |  36.8
     Lair:1 |    4621 |     781 |  14.5 |      15 |       8 |  34.8
     Lair:2 |    8076 |    2263 |  21.9 |      20 |       6 |  23.1
     Lair:3 |    5783 |    2460 |  29.8 |      17 |       3 |  15.0
     Lair:4 |   18047 |    3666 |  16.9 |      58 |       8 |  12.1
     Lair:5 |    1230 |       0 |   0.0 |       4 |       0 |   0.0
     Bailey |       0 |    2420 | 100.0 |       0 |      39 | 100.0
            +---------+---------+-------+---------+---------+-------
